 Dungeon Crawl Stone Soup version 0.30.2 (webtiles) character file.

Game seed: 10853202333376541997

1680 porpoise the Cleaver (level 9, -2/79 HPs)
             Began as a Hill Orc Fighter on Apr 13, 2024.
             Was a Believer of Qazlal.
             Slain by a gnoll sergeant
             ... wielding a +0 spear
              (5 damage)
             ... on level 5 of the Dungeon.
             The game lasted 00:13:10 (6108 turns).

porpoise the Cleaver (Hill Orc Fighter)             Turns: 6108, Time: 00:13:10

Health: -2/79      AC:  8    Str: 23    XL:     9   Next: 2%
Magic:  12/12      EV:  9    Int:  8    God:    Qazlal [**....]
Gold:   225        SH:  7    Dex: 10    Spells: 8/8 levels left

rFire   . . .        a - +0 war axe
rCold   . . .        c - +0 buckler
rNeg    . . .        b - +0 scale mail
rPois   .            n - +0 helmet
rElec   .            (no cloak)
rCorr   .            (no gloves)
SInv    .            (no boots)
Will    .....        (no amulet) Stlth
                     (no ring)
HPRegen 0.33/turn    (no ring)
MPRegen 0.13/turn

%: no passive effects
@: no status effects
A: no striking features
a: Renounce Religion, Upheaval


You were on level 5 of the Dungeon.
You worshipped Qazlal.
Qazlal was pleased with you.
You visited 1 branch of the dungeon, and saw 5 of its levels.
You also visited: Ossuary.

You collected 225 gold pieces.

Inventory:

Hand Weapons
 a - a +0 war axe (weapon)
 i - a +0 trident
Missiles
 j - 5 boomerangs (quivered)
 o - 9 poisoned darts
 F - 3 javelins
Armour
 b - a +0 scale mail (worn)
 c - a +0 buckler (worn)
 n - a +0 helmet (worn)
Jewellery
 z - the ring of Cubb {Int+2 SInv}
   (You found it in an ossuary)

   [ring of see invisible]

   Int:       It affects your intelligence (+2).
   SInv:      It lets you see invisible.
 E - a ring of magical power
Wands
 m - a wand of quicksilver (3)
 s - a wand of digging (8)
Scrolls
 h - a scroll of fear
 p - a scroll of blinking {unknown}
 q - a scroll of poison {unknown}
 r - 2 scrolls of vulnerability
 v - a scroll of enchant armour {unknown}
 w - a scroll of torment {unknown}
 x - a scroll of teleportation
 y - a scroll of immolation
 A - 2 scrolls of fog
Potions
 d - 2 potions of might
 e - 3 potions of flight
 f - 2 potions of mutation
 g - 3 potions of lignification
 k - a potion of haste
 l - a potion of berserk rage
 u - 2 potions of curing
 B - 2 potions of ambrosia
 C - a potion of heal wounds {unknown}
 D - 2 potions of attraction


   Skills:
 + Level 7.6 Fighting
 * Level 10.8 Axes
 - Level 3.2 Armour
 - Level 5.0 Shields
 + Level 5.1 Invocations


You had 8 spell levels left.
You didn't know any spells.
Your spell library contained the following spells:

 Spells                   Type           Power      Damage    Failure   Level
 Apportation              Tloc           0%         N/A       78%         1
 Necrotise                Necr           0%         1d4       78%         1
 Summon Small Mammal      Summ           0%         N/A       78%         1


Dungeon Overview and Level Annotations

Branches:
Dungeon (5/15)            Ossuary (visited)
 Temple: D:4-7

Altars:
Cheibriados
Dithmenos
Fedhas
Gozag
Qazlal
Ru
Trog
Wu Jian

Shops:
D:1 =


Message History

You feel stronger. x2
You hit the gnoll sergeant but do no damage.
You hit the gnoll but do no damage. You barely miss the gnoll.
You block the gnoll sergeant's attack. The gnoll hits you with a +0 flail.
* * * LOW HITPOINT WARNING * * *
You block the gnoll's attack.
Unknown command.
You hit the gnoll sergeant.
The gnoll sergeant is lightly wounded.
You hit the gnoll. You hit the gnoll but do no damage.
The gnoll sergeant hits you but does no damage.
The gnoll closely misses you. You block the gnoll's attack.
You hit the gnoll sergeant but do no damage.
The gnoll sergeant is lightly wounded.
You hit the gnoll. x2; You block the gnoll sergeant's attack.
The gnoll closely misses you. The gnoll hits you with a +0 spear.
* * * LOW HITPOINT WARNING * * *
Unknown command.
You slash the gnoll!
You kill the gnoll!
Qazlal accepts your kill. The gnoll sergeant blocks your attack.
You hit the gnoll but do no damage.
The gnoll sergeant hits you with a +0 spear!
* * * LOW HITPOINT WARNING * * *
The gnoll hits you but does no damage.
You hit the gnoll sergeant.
The gnoll sergeant is lightly wounded.
You hit the gnoll. The gnoll sergeant barely misses you.
The gnoll closely misses you. The gnoll sergeant blocks your attack.
The gnoll sergeant is lightly wounded.
You closely miss the gnoll.
The gnoll sergeant hits you with a +0 spear!
* * * LOW HITPOINT WARNING * * *
You block the gnoll's attack.
You slash the gnoll sergeant!
The gnoll sergeant is heavily wounded.
You hit the gnoll but do no damage.
The gnoll sergeant hits you with a +0 spear.
You die...

.....#.#.#.# ..[
+......#. ...........#
... #.....##. ..
#(....##. ##.. #..†.....
#.. #.....##' #.#
#+##.....#.. ##.#
#.##.....+..
##g.#####..#######..
#..##.)@g.......##......
#.....)☼○)<..⌠...'......
#..##....)......##....##
## ##..#####..##.....#
##.# #.##......# #+#
#.#.......# #.#.......#
#.........# ###.......#


You could see a gnoll sergeant and a gnoll.

Vanquished Creatures
  Grinder (D:3)
  Sigmund (D:2)
  2 hornet zombies (Ossuary)
  A gnoll sergeant (D:5)
  A scorpion (D:5)
  3 bullfrog zombies (Ossuary)
  2 hounds
  3 orc priests
  Crazy Yiuf (D:2)
  Jessica (D:2)
  An iguana (D:5)
  2 orc wizards
  5 killer bee zombies (Ossuary)
  15 mummies
  Robin (D:2)
  6 gnolls (D:5)
  5 adders
  An ufetubus (D:4)
  2 worms (D:2)
  14 orcs
  5 endoplasms
  A giant cockroach (D:2)
  14 goblins
  6 hobgoblins
  5 jackals
  10 kobolds
  3 quokkas
  6 ball pythons
  5 bats
  A frilled lizard (D:3)
  3 rats
127 creatures vanquished.

Notes
Turn   | Place    | Note
-------+----------+-------------------------------------------
     0 | D:1      | porpoise the Hill Orc Fighter began the quest for the Orb.
     0 | D:1      | Reached XP level 1. HP: 19/19 MP: 1/1
     6 | D:1      | Noticed a black mamba
     6 | D:1      | Noticed a lindwurm
     7 | D:1      | Noticed a killer bee
     7 | D:1      | Noticed a rime drake
    38 | D:1      | Found a faded altar of an unknown god.
    45 | D:1      | Reached skill level 3 in Axes
    87 | D:1      | Reached XP level 2. HP: 18/27 MP: 2/2
   174 | D:1      | Found Ycwebloam's Jewellery Emporium.
   843 | D:2      | Reached XP level 3. HP: 31/33 MP: 3/3
   903 | D:2      | Noticed Robin
   917 | D:2      | Reached skill level 4 in Axes
   917 | D:2      | Killed Robin
  1084 | D:2      | Reached XP level 4. HP: 27/41 MP: 4/4
  1241 | D:2      | Noticed Sigmund
  1243 | D:2      | Noticed Jessica
  1249 | D:2      | Killed Sigmund
  1250 | D:2      | Reached skill level 5 in Fighting
  1250 | D:2      | Reached skill level 6 in Axes
  1250 | D:2      | Reached XP level 5. HP: 13/48 MP: 5/5
  1250 | D:2      | Reached XP level 6. HP: 15/56 MP: 6/6
  1253 | D:2      | Killed Jessica
  1793 | D:2      | Found a runed translucent door.
  1794 | D:2      | Noticed Crazy Yiuf
  2169 | D:2      | Killed Crazy Yiuf
  2297 | D:3      | Noticed Grinder
  2299 | D:3      | Paralysed by Grinder for 2 turns
  2307 | D:3      | Killed Grinder
  2308 | D:3      | Reached skill level 7 in Axes
  2308 | D:3      | Reached skill level 5 in Shields
  2308 | D:3      | Reached XP level 7. HP: 41/62 MP: 7/7
  2383 | D:3      | Found a blossoming altar of Fedhas.
  2383 | D:3      | Found a shadowy altar of Dithmenos.
  2384 | D:3      | Found a bloodstained altar of Trog.
  2556 | D:3      | Found a sacrificial altar of Ru.
  2607 | D:3      | Found a stormy altar of Qazlal.
  2638 | D:3      | Became a worshipper of Qazlal Stormbringer
  2906 | D:3      | Found a snail-covered altar of Cheibriados.
  2906 | D:3      | Found an opulent altar of Gozag.
  3238 | D:4      | Found a sand-covered staircase.
  3317 | Ossuary  | Entered an ossuary
  3338 | Ossuary  | Reached skill level 1 in Invocations
  3355 | Ossuary  | Reached skill level 8 in Axes
  3680 | Ossuary  | Reached XP level 8. HP: 69/71 MP: 9/9
  3847 | Ossuary  | Reached skill level 9 in Axes
  4194 | Ossuary  | Identified the ring of Cubb {Int+2 SInv}
  4231 | Ossuary  | Reached * piety under Qazlal
  4732 | D:4      | Found an ornate altar of the Wu Jian Council.
  5130 | D:4      | Reached skill level 10 in Axes
  5691 | D:5      | Entered Level 5 of the Dungeon
  6082 | D:5      | Reached ** piety under Qazlal
  6092 | D:5      | Reached skill level 5 in Invocations
  6102 | D:5      | Reached XP level 9. HP: 27/79 MP: 12/12
  6107 | D:5      | HP: 3/79 [gnoll sergeant/+0 spear (10)]
  6108 | D:5      | Slain by a gnoll sergeant

Illustrated notes

Levels and vault maps discovered:
D:1:      onia_arrival_zoo_common, layout_basic, serial_shops,
          nicolae_shop_pleasant_corner_grove, basic_ecumenical_altar,
          minmay_misc_feat_roman
D:2:      layout_loops_corners, uniq_sigmund, uniq_jessica, uniq_robin,
          uniq_crazy_yiuf_cottage
D:3:      layout_loops_ring, nicolae_overflow_quartered_altars,
          grunt_qazlal_clouds, jmf_multi_god_temple,
          hangedman_decor_diamond_cutter, minivault_14, grunt_ministairs_13,
          uniq_grinder
D:4:      layout_basic, lemuel_round_altar, gup_ossuary_entry_pyramid
D:5:      layout_gridville, serial_glass, glass_columns_a, glass_columns_b,
          grunt_ministairs_15

Skill      XL: |  1  2  3  4  5  6  7  8 |
---------------+-------------------------+-----
Axes           | 3 4 6 7 8 10 | 10.8
Fighting       | 4 5 6 7 |  7.6
Shields        | 4 5 |  5.0
Invocations    | 2 5 |  5.1
Armour         | |  3.2

Action                     |  1- 3 |  4- 6 |  7- 9 || total
---------------------------+-------+-------+-------++-------
  Melee: War axe           |   108 |    57 |   336 ||   501
  Throw: Boomerang         |       |       |     1 ||     1
    Use: Scroll            |       |     1 |    13 ||    14
 Armour: Scale mail        |    69 |    21 |   111 ||   201
  Dodge: Dodged            |    59 |    16 |   105 ||   180
  Block: Buckler           |    30 |     4 |    85 ||   119
